 Dungeon Crawl Stone Soup version 0.23-a0-301-g9da9e51 (webtiles) character file.

2005 vierth the Covert (level 9, -5/39 HPs)
             Began as a Spriggan Enchanter on Oct 7, 2018.
             Shot with a sling bullet by Joseph (18 damage)
             ... on level 7 of the Dungeon.
             The game lasted 00:23:05 (9696 turns).

vierth the Covert (Spriggan Enchanter)              Turns: 9696, Time: 00:23:06

Health: -5/39      AC:  2    Str:  4    XL:     9   Next: 2%
Magic:  15/20      EV: 18    Int: 23    God:
Gold:   297        SH:  2    Dex: 18    Spells: 18/21 levels left

rFire    . . .     SeeInvis +   a - +1 dagger
rCold    . . .     Gourm    .   (shield restricted)
rNeg     . . .     Faith    .   b - +0 robe
rPois    .         Spirit   .   (helmet restricted)
rElec    .         Reflect  +   (no cloak)
rCorr    .         Harm     .   (gloves unavailable)
MR       +....                  (boots unavailable)
Stlth    ++++......             m - +2 amulet of reflection
HPRegen  0.13/turn              v - +5 ring of intelligence
MPRegen  0.17/turn              t - ring of wizardry

@: very quick
A: very small, unfitting armour, see invisible, herbivore, speed 3, slow
metabolism 2
a: no special abilities


You were on level 7 of the Dungeon.
You were not hungry.

You visited 2 branches of the dungeon, and saw 8 of its levels.
You also visited: Sewer.

You collected 297 gold pieces.

Inventory:

Hand Weapons
 a - a +1 dagger (weapon)
Armour
 b - a +0 robe (worn)
Jewellery
 k - an uncursed ring of poison resistance
 m - a +2 amulet of reflection (around neck)
 t - a ring of wizardry (right hand)
 v - a +5 ring of intelligence (left hand)
Scrolls
 f - a scroll of identify
 g - a scroll of teleportation
 h - 2 scrolls of fog
 l - 5 scrolls of remove curse
 p - 3 scrolls of enchant weapon {unknown}
 s - a scroll of blinking {unknown}
 w - a scroll of random uselessness {unknown}
Potions
 c - 3 potions of mutation {unknown}
 e - 2 potions of magic {unknown}
 i - 2 potions of curing {unknown}
 j - a potion of degeneration {unknown}
 n - a potion of agility {unknown}
 o - a potion of might
 q - 3 potions of flight {unknown}
 r - 3 potions of heal wounds {unknown}
 u - a potion of brilliance {unknown}
 x - a potion of berserk rage {unknown}
Comestibles
 d - 9 rations


   Skills:
 * Level 8.2 Short Blades
 - Level 3.0 Dodging
 + Level 9.3 Stealth
 + Level 6.8 Spellcasting
 + Level 7.3 Hexes


You had 18 spell levels left.
You knew the following spells:

 Your Spells              Type           Power        Failure   Level  Hunger
a - Corona                Hex            #####..      1%          1    None
b - Ensorcelled Hibernat  Hex/Ice        ###...       1%          2    None

Your spell library contained the following spells:

 Spells                   Type           Power        Failure   Level  Hunger
 Confusing Touch          Hex            #####.       1%          1    None
 Slow                     Hex            #####...     1%          2    None
 Confuse                  Hex            #####...     1%          3    None
 Tukima's Dance           Hex            #####...     1%          3    None
 Dazzling Spray           Conj/Hex       ###...       2%          3    None
 Animate Skeleton         Necr           N/A          3%          1    None
 Apportation              Tloc           #.....       3%          1    None
 Beastly Appendage        Tmut           #.....       3%          1    None
 Magic Dart               Conj           #...         3%          1    None
 Summon Small Mammal      Summ           #...         3%          1    None
 Blink                    Tloc           N/A          4%          2    None
 Call Imp                 Summ           #.......     4%          2    None
 Poisonous Vapours        Pois/Air       #.....       4%          2    None
 Sticks to Snakes         Tmut           #.......     4%          2    None
 Conjure Flame            Conj/Fire      #.......     10%         3    None
 Mephitic Cloud           Conj/Pois/Air  #.......     10%         3    None
 Spider Form              Tmut/Pois      #.........   10%         3    None
 Ice Form                 Ice/Tmut       #.......     30%         4    ###....
 Blade Hands              Tmut           #.........   61%         5    #####..
 Bolt of Magma            Conj/Fire/Erth #.........   61%         5    #####..
 Iskenderun's Battlesphe  Conj/Chrm      #.......     61%         5    #####..
 Venom Bolt               Conj/Pois      #.........   61%         5    #####..
 Freezing Cloud           Conj/Ice/Air   #.........   99%         6    ######.
 Iron Shot                Conj/Erth      #.........   99%         6    ######.
 Orb of Destruction       Conj           #.........   100%        7    #######
 Ring of Flames           Chrm/Fire      #.........   100%        7    #######
 Spellforged Servitor     Conj/Summ      #.........   100%        7    #######


Dungeon Overview and Level Annotations

Branches:
Dungeon (7/15)             Temple (1/1) D:5

Altars:
Ashenzari
Elyvilon
Gozag
Hepliaklqana
Kikubaaqudgha
Nemelex Xobeh
Okawaru
Ru
Trog
Uskayaw
Vehumet
Wu Jian
Xom
Yredelemnul
Zin

Shops:
D:4 (   D:5 (

Annotations:
D:3 3 runed doors, Dissent's ghost, amateur OpFi; Inquiry's ghost, amateur OpGl; TheNamelessOne's ghost, amateur MiHu; nubinia's ghost, amateur HaAr
D:7 Harold; Joseph


Innate Abilities, Weirdness & Mutations

You are very small and have problems with some larger weapons.
You are too small for most types of armour.
You have supernaturally acute eyesight. (SInv)
You are a herbivore.
You cover ground extremely quickly.
You need to consume almost no food.


Message History

Confirm with . or Enter, or press ? or * to list all spells.
Aiming: Ensorcelled Hibernation (safe; 1% risk of failure)
Press: ? - help, Shift-Dir - straight line, f - Joseph
Aim: Joseph, wielding a quarterstaff and wearing a leather armour (chance to The hound skeleton is unaffected.
The hound skeleton closely misses you.
Joseph unwields an uncursed quarterstaff.
Joseph wields a glowing hunting sling.
Joseph shoots a sling bullet.
The sling bullet closely misses you. The hound skeleton misses you.
Unknown command.
Casting: Ensorcelled Hibernation (safe; 1% risk of failure)
Confirm with . or Enter, or press ? or * to list all spells.
Aiming: Ensorcelled Hibernation (safe; 1% risk of failure)
Press: ? - help, Shift-Dir - straight line, f/p - Joseph
Aim: Joseph, wielding a hunting sling of velocity and wearing a leather armour The hound skeleton is unaffected.
The hound skeleton closely misses you.
Joseph shoots a sling bullet.
The sling bullet hits you!!
You are too injured to fight recklessly!
Joseph shoots a sling bullet.
The sling bullet misses you.
Joseph shoots a sling bullet.
The sling bullet hits you!!
You die...

#..................
.
#..................
#..................
#..................
#!.................
#..................
#..................
#...........###+###
#......@....#
#...........#
#.....(.(...+
#........Z..#
#..!........#
#...........#####
#......†.........
#....(...@.......
#................


You could see Joseph and a hound skeleton.

Vanquished Creatures
  A sky beast (D:5)
  A black bear (D:6)
  4 ogres
  2 centaurs (D:5)
  A necrophage (D:5)
  A big kobold (Sewer)
  Blork the orc (D:6)
  3 bullfrogs
  A scorpion (D:4)
  A howler monkey (D:5)
  A centaur zombie (D:6)
  A crimson imp (D:5)
  A jelly (D:5)
  3 orc priests
  3 hounds
  4 orc wizards
  A bullfrog skeleton (D:5)
  An iguana (D:5)
  5 worker ants
  9 adders
  3 gnolls (D:5)
  2 oozes
  5 worms
  2 dart slugs
  3 leopard geckos
  16 orcs
  A ball python (D:4)
  10 giant cockroaches
  6 goblins
  10 hobgoblins
  10 jackals
  3 quokkas
  14 bats
  7 frilled lizards
  10 kobolds
  A quokka zombie (D:5)
  11 rats
159 creatures vanquished.

Vanquished Creatures (others)
  A kobold (Sewer)
  4 toadstools (D:1)
5 creatures vanquished.

Grand Total: 164 creatures vanquished

Notes
Turn   | Place    | Note
-------+----------+-------------------------------------------
     0 | D:1      | vierth the Spriggan Enchanter began the quest for the Orb.
     0 | D:1      | Reached XP level 1. HP: 9/9 MP: 5/5
    68 | D:1      | Reached XP level 2. HP: 10/13 MP: 6/6
   357 | D:1      | Learned a level 2 spell: Ensorcelled Hibernation
   813 | D:1      | Found a burning altar of Makhleb.
   815 | D:1      | Found a hazy altar of Hepliaklqana.
   815 | D:1      | Found a shimmering altar of Xom.
   817 | D:1      | Found a hazy altar of Hepliaklqana.
   817 | D:1      | Found a shimmering altar of Xom.
   817 | D:1      | Found a shimmering altar of Xom.
   896 | D:1      | Reached XP level 3. HP: 13/16 MP: 5/8
  1448 | D:2      | Reached skill level 5 in Stealth
  1609 | D:2      | Reached XP level 4. HP: 21/21 MP: 5/10
  3443 | D:3      | Found a runed gate.
  3443 | D:3      | Found a runed gate.
  3689 | D:3      | Reached XP level 5. HP: 15/24 MP: 6/11
  4003 | D:3      | Reached skill level 6 in Stealth
  4469 | D:3      | HP: 1/24 [orc wizard/magic dart (9)]
  4842 | D:3      | Reached XP level 6. HP: 24/28 MP: 3/13
  5077 | D:3      | Found a runed gate.
  5079 | D:3      | Noticed Inquiry's ghost (amateur OpGl)
  5079 | D:3      | Noticed Dissent's ghost (amateur OpFi)
  5081 | D:3      | Noticed nubinia's ghost (amateur HaAr)
  5295 | D:3      | Noticed TheNamelessOne's ghost (amateur MiHu)
  5361 | D:4      | Found a glowing drain.
  5388 | Sewer    | Entered a sewer
  5487 | Sewer    | Reached skill level 5 in Hexes
  5741 | Sewer    | Found a white marble altar of Elyvilon.
  6134 | D:4      | Reached skill level 5 in Short Blades
  6261 | D:4      | Found a hazy altar of Hepliaklqana.
  6277 | D:4      | Found a hide-covered altar of Uskayaw.
  6283 | D:4      | Found a white marble altar of Elyvilon.
  6310 | D:4      | Found Funiluipic's Weapon Boutique.
  6445 | D:4      | Reached skill level 7 in Stealth
  6445 | D:4      | Reached XP level 7. HP: 32/32 MP: 11/15
  6591 | D:5      | Entered Level 5 of the Dungeon
  6746 | D:5      | Found a staircase to the Ecumenical Temple.
  6754 | Temple   | Entered the Ecumenical Temple
  7002 | D:5      | Reached skill level 5 in Spellcasting
  7039 | D:5      | You fall through a shaft!
  7474 | D:5      | Reached XP level 8. HP: 36/36 MP: 8/17
  7479 | D:5      | Reached skill level 8 in Stealth
  7819 | D:5      | Found Nirha's Antique Weapon Emporium.
  8748 | D:6      | Noticed Blork the orc
  8753 | D:6      | Killed Blork the orc
  8753 | D:6      | Reached skill level 9 in Stealth
  9187 | D:7      | Noticed Harold
  9678 | D:7      | Reached XP level 9. HP: 39/39 MP: 17/20
  9679 | D:7      | Noticed Joseph
  9696 | D:7      | Shot with a sling bullet by Joseph

Vault maps used:
D:1:      ldierk_walled_garden_2, doesnt_xom_only_xom
D:3:      first_ration, gammafunk_ghost_cemetery, kennysheep_generic_room_11
D:4:      minitemple, cheibrodos_sewer_entry_sluice, serial_shops, shop_statue,
          kennysheep_generic_room_2
D:5:      minmay_temple_entry_statues_pillars, serial_shops, nicolae_shop_stone
D:6:      uniq_blork_the_orc
D:7:      slow_altar_2, led_sif_pool, lemuel_doored_altar, uniq_harold,
          uniq_joseph
Temple:   nicolae_temple_x_marks_the_god
Sewer:    sewer_kobolds

Skill      XL: |  1  2  3  4  5  6  7  8 |
---------------+-------------------------+-----
Spellcasting   | 3 4 5 6 |  6.8
Short Blades   | 2 3 4 5 6 8 |  8.2
Hexes          | 4 5 6 7 |  7.3
Stealth        | 5 6 7 9 |  9.3
Dodging        | |  3.0

Action                   |  1- 3 |  4- 6 |  7- 9 || total
-------------------------+-------+-------+-------++-------
Melee: Dagger            |   123 |   309 |   157 ||   589
 Cast: Ensorcelled Hiber |    11 |    73 |    49 ||   133
  Use: Scroll            |       |     2 |     5 ||     7
 Stab: Sleeping          |    20 |    51 |    43 ||   114
       Distracted        |       |       |     2 ||     2
  Eat: Ration            |       |     4 |     1 ||     5
Armor: Robe              |    22 |    27 |     3 ||    52
Dodge: Dodged            |   107 |   224 |    86 ||   417
Block: Other             |       |     7 |     1 ||     8
       Reflection        |       |     1 |       ||     1

Table legend:
 A = Non-vault XP
 B = Vault XP
 C = Vault XP percentage of total XP
 D = Non-vault monster count
 E = Vault monster count
 F = Vault count percentage of total count
                 A         B        C        D         E       F
            +---------+---------+-------+---------+---------+-------
      Total |    2652 |     213 |   7.4 |     146 |      14 |   8.8
            +---------+---------+-------+---------+---------+-------
        D:1 |      49 |       0 |   0.0 |      29 |       0 |   0.0
        D:2 |      91 |       0 |   0.0 |      26 |       0 |   0.0
        D:3 |     254 |       0 |   0.0 |      35 |       0 |   0.0
        D:4 |     338 |       4 |   1.2 |      10 |       2 |  16.7
        D:5 |    1140 |       0 |   0.0 |      27 |       0 |   0.0
        D:6 |     561 |      96 |  14.6 |      16 |       1 |   5.9
        D:7 |     219 |       0 |   0.0 |       3 |       0 |   0.0
      Sewer |       0 |     113 | 100.0 |       0 |      11 | 100.0
            +---------+---------+-------+---------+---------+-------
